 Dungeon Crawl Stone Soup version 0.32-a0-7-ge934b4519a (webtiles) character file.

Game seed: 5700236246866378013

134561 Pooter the Executioner (level 16, -17/220 HPs)
             Began as a Minotaur Berserker on Jan 13, 2024.
             Was an Elder of Trog.
             Demolished by a naga warrior
             ... wielding a +0 battleaxe
              (24 damage)
             ... on level 1 of the Snake Pit on Jan 14, 2024.
             The game lasted 02:38:29 (46038 turns).

Pooter the Executioner (Minotaur Berserker)        Turns: 46038, Time: 02:38:30

Health: -17/220    AC: 18    Str: 34    XL:     16   Next: 62%
Magic:  0/15       EV: 12    Int:  6    God:    Trog [****..]
Gold:   1268       SH:  5    Dex: 13    Spells: 15/15 levels left

rFire   . . .        a - +0 executioner's axe (heavy)
rCold   . . .        (shield currently unavailable)
rNeg    . . .        V - quicksilver dragon scales "Hyusaucw" {Will+ rCorr SInv}
rPois   +            (helmet restricted)
rElec   .            B - +2 cloak {rCorr}
rCorr   +            y - +0 pair of fencer's gloves {Riposte Dex+3}
SInv    +            (no boots)
Will    +++++        r - amulet "Mekudosch" {Reflect Will++ SH+5} Stlth
                     P - ring of poison resistance
HPRegen 1.56/turn    h - +6 ring of strength
MPRegen 0.14/turn

%: reflection
@: berserking, lethally poisoned (-17 -> -18), strong-willed, regenerating, very
quick
A: horns 2, retaliatory headbutt
a: Renounce Religion, Berserk, Trog's Hand, Brothers in Arms


You were on level 1 of the Snake Pit.
You worshipped Trog.
Trog was greatly pleased with you.
You visited 4 branches of the dungeon, and saw 23 of its levels.
You also visited: Gauntlet and Ice Cave.

You collected 3549 gold pieces.
You spent 2281 gold pieces at shops.

Inventory:

Hand Weapons
 a - a +0 heavy executioner's axe (weapon)
   (You acquired it on level 2 of the Lair of Beasts)
 b - a +1 longbow of flaming
   (You took it off Nessos on level 4 of the Lair of Beasts)
 o - a +2 heavy dire flail
   (You took it off a two-headed ogre on level 15 of the Dungeon)
 q - a +3 longbow
   (You bought it in a shop on level 7 of the Dungeon)
 s - a +0 battleaxe
   (You took it off an orc warrior on level 9 of the Dungeon)
 w - a +6 demon trident
   (You took it off Urug on level 5 of the Lair of Beasts)
Missiles
 v - 7 silver javelins
 G - 5 curare-tipped darts
 H - 4 throwing nets {!f}
 N - 3 javelins
 W - 35 boomerangs (quivered)
 Y - 5 atropa-tipped darts
Armour
 y - the +0 pair of fencer's gloves (worn) {Riposte Dex+3}
   (You found it on level 5 of the Lair of Beasts)

   Riposte:   It allows the wearer to riposte with melee weapons, swiftly
   retaliating against missed or blocked melee attacks.
   Dex+3:     It affects your dexterity (+3).
 B - a +2 cloak of preservation (worn)
   (You bought it in a shop on level 9 of the Dungeon)
 K - a +0 pair of gloves of hurling
   (You bought it in a shop on level 8 of the Dungeon)
 M - a +2 plate armour of fire resistance
   (You found it on level 4 of the Lair of Beasts)
 V - the quicksilver dragon scales "Hyusaucw" (worn) {Will+ rCorr SInv}
   (You found it in a Gauntlet)

   Will+:     It increases your willpower.
   SInv:      It lets you see invisible.
   rCorr:     It protects you from acid and corrosion.
Jewellery
 h - a +6 ring of strength (right hand)
   (You found it in a Gauntlet)
 j - a ring of ice
   (You found it on level 2 of the Dungeon)
 r - the amulet "Mekudosch" (around neck) {Reflect Will++ SH+5}
   (You found it on level 11 of the Dungeon)

   [amulet of reflection]

   Reflect:   It reflects blocked missile attacks.
   Will++:    It greatly increases your willpower.
   SH+5:      It affects your SH (+5).
 F - a ring of protection from fire
   (You found it on level 2 of the Dungeon)
 I - a ring of flight
   (You found it on level 1 of the Lair of Beasts)
 J - a +4 ring of protection
   (You found it on level 2 of the Lair of Beasts)
 P - a ring of poison resistance (left hand)
   (You bought it in a shop on level 2 of the Orcish Mines)
 S - a ring of see invisible
   (You found it on level 2 of the Dungeon)
Wands
 d - a wand of iceblast (24)
   (You found it on level 2 of the Lair of Beasts)
 u - a wand of paralysis (6)
   (You found it on level 12 of the Dungeon)
 x - a wand of acid (11)
   (You found it on level 11 of the Dungeon)
 D - a wand of digging (5)
   (You found it on level 7 of the Dungeon)
 O - a wand of polymorph (3)
   (You found it in a Gauntlet)
 X - a wand of mindburst (17)
   (You found it on level 4 of the Lair of Beasts)
Scrolls
 e - 9 scrolls of noise {!r}
 i - a scroll of butterflies
 m - 5 scrolls of poison {!r}
 n - 4 scrolls of blinking
 p - 3 scrolls of immolation {!r}
 t - 8 scrolls of teleportation {@r4}
 Q - 5 scrolls of vulnerability {!r}
 Z - 3 scrolls of fog
Potions
 c - 2 potions of invisibility
 f - 3 potions of heal wounds {@q2}
 g - 7 potions of curing {@q1}
 k - 2 potions of cancellation
 z - 3 potions of enlightenment
 A - a potion of might
 C - 3 potions of haste {@q3}
 E - 3 potions of attraction {!q}
 L - a potion of mutation {!q}
Miscellaneous
 l - a sack of spiders
   (You found it in an ice cave)
 R - a phantom mirror
   (You found it in a Gauntlet)
 T - a condenser vane
   (You found it in a Gauntlet)


   Skills:
 + Level 14.9 Fighting
 * Level 21.1(21.4) Axes
 - Level 7.1(15.4) Polearms
 * Level 19.2 Ranged Weapons
 - Level 10.4 Armour
 - Level 2.1 Dodging
 + Level 6.0 Evocations


You had 15 spell levels left.
You didn't know any spells.
Your spell library was empty.

Dungeon Overview and Level Annotations

Branches:
Dungeon (15/15) Zot: 21293  Temple (0/1) D:7            Lair (5/5) D:8 Zot: 16780
  Swamp (0/4) Lair:3        Snake (1/4) Lair:3 Zot: 4801   Slime (0/5) Lair:5
    Orc (2/2) D:10 Zot: 6770     Elf (0/3) Orc:2        Vaults (0/5) D:14
 Depths (0/4) D:15          IceCv (visited)         Gauntlet (visited)

Altars:
Dithmenos
Hepliaklqana
Kikubaaqudgha
Makhleb
Qazlal
Vehumet
Wu Jian
Yredelemnul
The Shining One
Jiyva

Shops:
D:7 (   D:8 [   D:9 [?[((   D:11 [   Orc:2 =:[!


Innate Abilities, Weirdness & Mutations

You have a pair of horns on your head.
You reflexively headbutt those who attack you in melee.


Message History

The mana viper bites you but does no damage.
The naga ritualist hits you from afar with a +0 halberd!
* * * LOW HITPOINT WARNING * * *
You slice the mana viper!!
You feel very sick.
* * * LOW HITPOINT WARNING * * *
You are more poisoned.
You block the mana viper's attack. The naga ritualist closely misses you.
The mana viper bites you!
* * * LOW HITPOINT WARNING * * *
You feel your power leaking away.
* * * LOW MAGIC WARNING * * *
You slice the mana viper!!
You kill the mana viper!
Trog accepts your kill.
You feel very sick.
* * * LOW HITPOINT WARNING * * *
You are more poisoned.
* * * LOW HITPOINT WARNING * * *
You are more poisoned.
The naga ritualist spits poison at you. The splash of poison hits you.
You resist.
* * * LOW HITPOINT WARNING * * *
A red film seems to cover your vision as you go berserk!
You feel yourself moving faster!
You feel mighty!
You feel very sick.
* * * LOW HITPOINT WARNING * * *
You are more poisoned.
The naga ritualist hits you from afar with a +0 halberd!
* * * LOW HITPOINT WARNING * * *
The naga warrior spits poison at you. The splash of poison hits you.
You resist.
* * * LOW HITPOINT WARNING * * *
You feel a strong urge to attack something.
You feel sick.
The naga ritualist hits you but does no damage.
The naga ritualist misses you.
You see here an anaconda corpse.
You open the naga ritualist like a pillowcase!!!!
You kill the naga ritualist!
Trog accepts your kill.
You slice the naga warrior!!
You feel sick.
Your Evocations skill increases to level 6!
You closely miss the naga warrior.
You feel sick.
The naga warrior hits you but does no damage.
The naga warrior closely misses you.
You barely miss the naga warrior. Your headbutt misses the naga warrior.
You feel sick.
The naga warrior hits you with a +0 battleaxe!!
You die...

#...# #####
....# #
#....
########
#.#.##
.......##
#....##
........##
#[...##
.........#
#....##
######..####
#)...#
##....##
#@..# #####
##....##
#N†.# ..
....##
##....#
#..####...
### #....#
###..#
##........
#.### ##...#
#...#
#.........
##..# #...#
#...#
#...###..#
#...# ##...#
##### #...#
.. #...#
#....# #...#
#...# ....##
#...# #...#


You could see a naga warrior.

Vanquished Creatures
  Agnes (D:15)
  Aizul (Snake:1)
  Nessos (Lair:4)
  A minotaur (Gauntlet)
  A dire elephant (Gauntlet)
  Josephine (D:15)
  2 entropy weavers (shapeshifter) (D:14)
  Fannar (D:12)
  4 centaur warriors
  The ghost of Sundig the Fighter, a journeyman DsFi of Gozag (D:11)
  4 ogre magi
  7 hydras
  2 ironbound frosthearts (IceCv)
  3 anacondas (Snake:1)
  A catoblepas (D:14)
  11 two-headed ogres
  4 boulder beetles
  A naga warrior (Snake:1)
  2 tengu warriors (D:15)
  7 death yaks
  An occultist (Gauntlet)
  2 naga sharpshooters (Snake:1)
  Urug (Lair:5)
  A shock serpent (Snake:1)
  3 goliath frogs (Lair:5)
  4 skysharks
  2 skeletal warriors (D:15)
  A glowing orange brain (D:15)
  A swamp dragon (shapeshifter) (D:15)
  A mana viper (Snake:1)
  A naga ritualist (Snake:1)
  2 arcanists
  A lindwurm (Lair:2)
  A bog body (Lair:3)
  A necromancer (Gauntlet)
  6 deep elf pyromancers
  3 orc knights
  7 orc sorcerers (Orc:2)
  A wolf spider (D:15)
  14 ugly things
  6 cyclopes
  2 centaur zombies (D:15)
  17 elephants
  2 large abominations (Gauntlet)
  4 manticores
  A kobold blastminer (Orc:2)
  A guardian serpent (Snake:1)
  2 gargoyles
  An ice statue (IceCv)
  9 black mambas
  3 naga magi (Snake:1)
  A black mamba (shapeshifter) (D:14)
  An unseen horror (D:11)
  A kobold demonologist (D:13)
  21 cane toads
  2 rime drakes (IceCv)
  A redback zombie (D:15)
  6 komodo dragons
  A yaktaur (D:11)
  A yaktaur (shapeshifter) (D:14)
  2 ice devils (D:12)
  2 trolls
  9 polar bears
  A polar bear (shapeshifter) (D:14)
  A tyrant leech (Lair:5)
  22 blink frogs
  15 dream sheep
  13 slime creatures
  A meliai zombie (D:15)
  5 small abominations (Gauntlet)
  11 wraiths
  3 vampires (D:15)
  3 shadows
  47 yaks
  2 wyverns
  10 basilisks
  A warg (shapeshifter) (D:11)
  2 wargs
  3 steam dragons
  8 vampire mosquitoes
  A neqoxec (Gauntlet)
  3 chaos spawn (Gauntlet)
  2 acid dragons (D:10)
  9 nagas
  7 water moccasins
  Duvessa (D:7)
  19 orc warriors
  5 black bears
  3 hornet zombies (D:15)
  15 ogres
  26 wolves
  2 laughing skulls (D:13)
  6 centaurs
  2 phantoms (D:5)
  2 kobold brigands
  20 bullfrogs
  2 gnoll sergeants
  6 scorpions
  Dowan (D:7)
  10 killer bees (D:7)
  An electric eel (Lair:4)
  7 howler monkeys
  5 bombardier beetles
  2 jellies
  A sleepcap (D:6)
  4 gnoll boudas
  2 hounds
  14 orc priests
  6 iguanas
  Terence (D:2)
  37 orc wizards
  29 gnolls
  7 adders
  3 shadow imps
  4 white imps
  2 ufetubi (D:5)
  4 dart slugs
  A ribbon worm (D:4)
  91 orcs
  6 ball pythons
  3 bats
  9 endoplasms
  3 giant cockroaches
  4 goblins
  10 hobgoblins
  7 jackals
  4 quokkas
  8 frilled lizards
  17 kobolds
  7 rats
795 creatures vanquished.

Notes
Turn   | Place    | Note
-------+----------+-------------------------------------------
     0 | D:1      | Pooter the Minotaur Berserker began the quest for the Orb.
     0 | D:1      | Reached XP level 1. HP: 19/19 MP: 0/0
   129 | D:1      | Reached skill level 4 in Axes
   129 | D:1      | Reached XP level 2. HP: 20/27 MP: 1/1
   386 | D:1      | Reached skill level 1 in Ranged Weapons
   585 | D:1      | Reached XP level 3. HP: 33/33 MP: 2/2
   642 | D:1      | Reached ** piety under Trog
  1440 | D:2      | Noticed Terence
  1451 | D:2      | Killed Terence
  1452 | D:2      | Reached skill level 5 in Axes
  1452 | D:2      | Reached XP level 4. HP: 35/41 MP: 3/3
  1827 | D:3      | Reached XP level 5. HP: 47/47 MP: 4/4
  2405 | D:4      | Noticed an orc warrior
  2547 | D:4      | Killed an orc warrior
  2548 | D:4      | Reached skill level 5 in Fighting
  2548 | D:4      | Reached skill level 6 in Axes
  2548 | D:4      | Reached XP level 6. HP: 56/56 MP: 5/5
  2854 | D:4      | Reached *** piety under Trog
  2892 | D:4      | Reached skill level 1 in Polearms
  3008 | D:4      | Reached XP level 7. HP: 56/61 MP: 6/6
  3173 | D:4      | Reached skill level 7 in Axes
  3551 | D:5      | Entered Level 5 of the Dungeon
  3698 | D:5      | Reached skill level 5 in Ranged Weapons
  4121 | D:5      | Found a basalt altar of Yredelemnul.
  4121 | D:5      | Found an ancient bone altar of Kikubaaqudgha.
  4122 | D:5      | Found a stormy altar of Qazlal.
  4171 | D:5      | Reached XP level 8. HP: 45/70 MP: 7/7
  4334 | D:5      | Reached skill level 8 in Axes
  4888 | D:5      | Noticed a troll
  4896 | D:5      | Killed a troll
  5343 | D:5      | Reached skill level 9 in Axes
  5785 | D:6      | Reached XP level 9. HP: 30/78 MP: 8/8
  6869 | D:6      | Found a hazy altar of Hepliaklqana.
  7524 | D:7      | Reached skill level 5 in Polearms
  7733 | D:7      | Reached skill level 10 in Axes
  7733 | D:7      | Reached skill level 5 in Armour
  7962 | D:7      | Found Xant's Antique Weapon Shop.
  7970 | D:7      | Bought a longbow for 214 gold pieces
  7995 | D:7      | Noticed Dowan
  7996 | D:7      | Noticed Duvessa
  8003 | D:7      | Killed Duvessa
  8006 | D:7      | Killed Dowan
  8208 | D:7      | Reached XP level 10. HP: 88/88 MP: 9/9
  8299 | D:7      | Found a staircase to the Ecumenical Temple.
  8726 | D:8      | Found a staircase to the Lair.
  9131 | D:8      | Reached skill level 11 in Axes
  9201 | D:8      | Found Qaudaph's Antique Armour Shoppe.
  9302 | D:8      | Found an ornate altar of the Wu Jian Council.
  9697 | D:9      | Found Ropseth's Antique Armour Emporium.
  9751 | D:9      | Found a glowing golden altar of the Shining One.
 10434 | D:9      | Reached **** piety under Trog
 10525 | D:9      | Found Xubenem's Magic Scroll Emporium.
 10533 | D:9      | Bought a scroll of identify for 26 gold pieces
 10533 | D:9      | Bought a scroll of enchant weapon for 97 gold pieces
 10533 | D:9      | Bought a scroll of identify for 26 gold pieces
 10533 | D:9      | Bought a scroll of enchant weapon for 97 gold pieces
 10648 | D:9      | Found Qoeclu's Weapon Shoppe.
 10658 | D:9      | Found Zitig's Armour Emporium.
 10819 | D:9      | Found Mylymom's Antique Weapon Boutique.
 10961 | D:9      | You fall into a shaft and drop 2 floors!
 11014 | D:10     | Entered Level 10 of the Dungeon
 11077 | D:10     | Noticed a two-headed ogre
 11260 | D:10     | Noticed a two-headed ogre
 11267 | D:10     | Killed a two-headed ogre
 11321 | D:10     | Reached skill level 10 in Ranged Weapons
 11785 | D:10     | Killed a two-headed ogre
 11786 | D:10     | Reached XP level 11. HP: 86/95 MP: 10/10
 11854 | D:10     | Found a staircase to the Orcish Mines.
 11871 | Orc:1    | Entered Level 1 of the Orcish Mines
 11972 | Orc:1    | Noticed an orc knight
 11987 | Orc:1    | Reached skill level 12 in Axes
 12279 | D:10     | Killed an orc knight
 13100 | D:10     | Upgraded the game from 0.31-a0-1626-g5cb510d322 to
                  | 0.32-a0-7-ge934b4519a
 13116 | D:10     | Noticed a two-headed ogre
 13125 | D:10     | Killed a two-headed ogre
 13469 | D:8      | Bought a pair of embroidered gloves for 217 gold pieces
 13612 | Orc:2    | Entered Level 2 of the Orcish Mines
 14211 | Orc:2    | Found a staircase to the Elven Halls.
 14727 | Orc:2    | Noticed an orc sorcerer
 14749 | Orc:2    | Killed an orc sorcerer
 14795 | Orc:2    | Reached skill level 13 in Axes
 15462 | Orc:2    | Found Ipirreg's Distillery.
 15462 | Orc:2    | Noticed an orc sorcerer
 15465 | Orc:2    | Killed an orc sorcerer
 15472 | Orc:2    | Bought a potion of haste for 140 gold pieces
 15472 | Orc:2    | Bought a potion of enlightenment for 70 gold pieces
 15472 | Orc:2    | Bought a potion of experience for 700 gold pieces
 15472 | Orc:2    | Bought a potion of might for 56 gold pieces
 15472 | Orc:2    | Bought a potion of degeneration for 14 gold pieces
 15472 | Orc:2    | Bought a potion of curing for 42 gold pieces
 15473 | Orc:2    | Reached skill level 14 in Axes
 15473 | Orc:2    | Reached XP level 12. HP: 106/106 MP: 11/11
 15545 | Orc:2    | Found a radiant altar of Vehumet.
 15545 | Orc:2    | Noticed an ogre mage
 15563 | Orc:2    | Killed an ogre mage
 15809 | Orc:2    | Noticed an ogre mage
 15818 | Orc:2    | Killed an ogre mage
 15819 | Orc:2    | Reached skill level 10 in Fighting
 16085 | Orc:2    | Noticed an ogre mage
 16097 | Orc:2    | Killed an ogre mage
 16098 | Orc:2    | Reached XP level 13. HP: 79/109 MP: 12/12
 16670 | Orc:2    | Found an ancient bone altar of Kikubaaqudgha.
 17172 | Orc:2    | Found Ylet's Antique Armour Emporium.
 17186 | Orc:2    | Found Inefen's Jewellery Shoppe.
 17194 | Orc:2    | Found Qocuusin's Book Shoppe.
 17392 | Lair:1   | Entered Level 1 of the Lair of Beasts
 17400 | Lair:1   | Reached skill level 15 in Axes
 19331 | Lair:1   | Reached skill level 10 in Armour
 20264 | Lair:2   | Identified a scroll of acquirement
 20264 | Lair:2   | Acquired 723 gold pieces
 20499 | Orc:2    | Bought a ring of poison resistance for 260 gold pieces
 20698 | D:9      | Bought a +2 cloak of preservation for 322 gold pieces
 21046 | Lair:2   | Reached skill level 16 in Axes
 21292 | Lair:2   | Acquired a +0 heavy executioner's axe
 22025 | Lair:3   | Found a staircase to the Swamp.
 22353 | Lair:3   | Found a staircase to the Snake Pit.
 22553 | Lair:3   | Reached skill level 15 in Ranged Weapons
 22887 | Lair:3   | Reached XP level 14. HP: 125/125 MP: 13/13
 23150 | Lair:4   | Found a gate leading to a gauntlet.
 23332 | Gauntlet | Entered a Gauntlet
 23332 | Gauntlet | Found a transporter.
 23344 | Gauntlet | Found a transporter.
 23344 | Gauntlet | Found a transporter.
 23358 | Gauntlet | Found a transporter.
 23622 | Gauntlet | Found a runed translucent door.
 23622 | Gauntlet | Found a transporter.
 23623 | Gauntlet | Found a transporter.
 23623 | Gauntlet | Found a transporter.
 23705 | Gauntlet | Found a transporter.
 23710 | Gauntlet | Reached skill level 17 in Axes
 24095 | Gauntlet | Found a transporter.
 24095 | Gauntlet | Found a transporter.
 24115 | Gauntlet | Found a transporter.
 24115 | Gauntlet | Found a transporter.
 24145 | Gauntlet | Found a transporter.
 24157 | Gauntlet | Found a transporter.
 24293 | Gauntlet | Identified the quicksilver dragon scales "Hyusaucw" {Will+
                  | rCorr SInv}
 24853 | Lair:4   | Noticed Nessos
 24890 | Lair:4   | Killed Nessos
 26136 | Lair:4   | You fall into a shaft and drop 1 floor!
 26136 | Lair:5   | Entered Level 5 of the Lair of Beasts
 26885 | Lair:5   | Reached skill level 18 in Axes
 29981 | Lair:5   | Found a viscous altar of Jiyva.
 29983 | Lair:5   | Found a staircase to the Slime Pits.
 30677 | Lair:5   | Noticed Urug
 30690 | Lair:5   | Killed Urug
 31066 | Lair:5   | Found the +5 robe of Night {Dark Will+ SInv}
 31849 | Lair:5   | Found the +0 pair of fencer's gloves {Riposte Dex+3}
 31913 | Lair:5   | Reached XP level 15. HP: 135/135 MP: 14/14
 32556 | D:11     | Identified the amulet "Mekudosch" {Reflect Will++ SH+5}
 32670 | D:11     | Reached skill level 19 in Axes
 32991 | D:11     | Found a large runed translucent door.
 32991 | D:11     | Found a large runed translucent door.
 32995 | D:11     | Noticed Sundig's ghost (journeyman DsFi)
 33006 | D:11     | Killed Sundig's ghost
 33330 | D:11     | Identified the +6 spear of Woe {freeze, rElec rF++ Int-4}
 33381 | D:11     | Found Michael's Dragon-Slaying Spoils.
 33654 | D:12     | Noticed Fannar
 33663 | D:12     | Killed Fannar
 33757 | D:12     | Found a frozen archway.
 33804 | IceCv    | Entered an ice cave
 34772 | IceCv    | Reached ***** piety under Trog
 37870 | D:14     | Found a shadowy altar of Dithmenos.
 38303 | D:14     | Reached skill level 20 in Axes
 38605 | D:14     | Found a gate to the Vaults.
 39044 | D:15     | Entered Level 15 of the Dungeon
 39367 | D:15     | Noticed Agnes
 39373 | D:15     | Killed Agnes
 39388 | D:15     | Reached XP level 16. HP: 44/146 MP: 15/15
 40835 | D:15     | Reached skill level 5 in Evocations
 43028 | D:15     | Received a gift from Trog
 43035 | D:15     | Noticed Josephine
 43042 | D:15     | Killed Josephine
 43729 | D:15     | Found a staircase to the Depths.
 44836 | Snake:1  | Entered Level 1 of the Snake Pit
 45570 | Snake:1  | Found a burning altar of Makhleb.
 45580 | Snake:1  | Reached skill level 21 in Axes
 45816 | Snake:1  | Identified the serpent talisman "Kisustaluac" {rF+ rCorr}
 45816 | Snake:1  | Noticed Aizul
 45830 | Snake:1  | Killed Aizul
 46034 | Snake:1  | HP: 9/220 [naga warrior/splash of poison (6)]
 46038 | Snake:1  | Demolished by a naga warrior

Illustrated notes

Levels and vault maps discovered:
D:1:      amcnicky_arrival_blooded_trapdoor, layout_basic,
          chequers_serial_rivers_micro_a, hangedman_decor_peaks_small,
          st_stairs_8, wander_ebering_terrifying_dragon_lair
D:2:      layout_basic, uniq_terence
D:3:      layout_basic
D:4:      layout_basic, dreamdust_princess_corridor, columned_hall_lemuel,
          serial_library_hellmonk_layered_room
D:5:      cheibrodos_barr_body, layout_loops_corners,
          chequers_temple_overflow_statue_of_worship, dreamdust_wishing_well,
          grunt_decor_clamped
D:6:      layout_layer_cave, nicolae_hepliaklqana_hippocampus,
          hangedman_abyss_or_decor_passed, chequers_serial_rivers_small_3,
          serial_library_hellmonk_recessed_alcove
D:7:      layout_loops_ring, minmay_temple_entry_hall, serial_shops,
          nicolae_shop_stone, minmay_misc_feat_tiny, uniq_duvessa
D:8:      layout_loops_cross, lemuel_doored_altar,
          grunt_lair_entry_orc_guard_hut, serial_shops, shop
D:9:      layout_loops_ring, nicolae_tso_carved_into_rock, serial_shops,
          kennysheep_mini_moat, shop_fountains, nicolae_shop_stone, shop_statue,
          nicolae_inconvenience_store, serial_bayou_pond_e
D:10:     layout_long_grid, orc_0_dummy
D:11:     layout_rooms, ebering_ghost_disaster_area, nicolae_shop_dragon_depot,
          minmay_fractal_squares_gapless_7
D:12:     layout_cave_pools, portal_ice_cave_demonic_guard, serial_park_tiny_2,
          uniq_fannar
D:13:     layout_rooms, kennysheep_generic_room_13
D:14:     layout_layer_cave, david_vaults_2, roderic_serpentine_path,
          grunt_dithmenos_smoke
D:15:     gammafunk_enter_depths_forms, layout_loops_ring, serial_undead,
          serial_undead_a, serial_undead_d, serial_undead_e, serial_undead_b,
          serial_undead_a, serial_undead_b, nicolae_water_bricks, st_stairs_14,
          uniq_josephine, uniq_agnes
Lair:1:   layout_cave_pods, cheibrodos_lair_reptile_den
Lair:2:   layout_roguey, grunt_megastairs_2, serial_bayou_shore_a
Lair:3:   layout_gridlike, skrybe_swamp_entry_bodies,
          guppyfry_snake_entry_garden, lemuel_fruit_tree, serial_bayou_shore_b,
          lemuel_fruit_fields, serial_bayou_shore_b
Lair:4:   hellmonk_ruined_rings, layout_layer_cave, gauntlet_entry_generic,
          nicolae_quartered_pool_super, nicolae_lair_lil_pond, uniq_nessos
Lair:5:   minmay_lair_end_frog_pond, layout_cave_shapes, slime_entry_1,
          serial_bayou_shore_b, uniq_urug
Snake:1:  layout_concentric_octagons, basic_altar,
          nicolae_snake_slithery_corners, uniq_aizul
Orc:1:    layout_diamond_mine, regret_index_minedec_devilstone,
          nicolae_orc_rich_vein
Orc:2:    kennysheep_orc_mage_school, layout_caves

Skill      XL: |  1  2  3  4  5  6  7  8  9 10 11 12 13 14 15 16 |
---------------+-------------------------------------------------+-----
Axes           | 4 5 6 7 9 10 11 14 16 18 20 21 | 21.1
Fighting       | 4 5 6 7 8 9 10 11 13 14 | 14.9
Ranged Weapons | 1 2 4 5 7 8 10 12 13 15 16 18 19 | 19.2
Polearms       | 1 2 4 5 7 |  7.1
Armour         | 4 5 6 8 9 10 | 10.4
Evocations     | 2 4 6 |  6.0
Dodging        | |  2.1

Action                     |  1- 3 |  4- 6 |  7- 9 | 10-12 | 13-15 | 16-18 || total
---------------------------+-------+-------+-------+-------+-------+-------++-------
  Melee: Hand axe          |    39 |    36 |       |       |       |       ||    75
         Headbutt          |     1 |    10 |    25 |    49 |   108 |    21 ||   214
         Punch             |       |     2 |       |     1 |     4 |       ||     7
         Glaive            |       |    32 |   228 |    84 |       |       ||   344
         Battleaxe         |       |       |       |   124 |       |       ||   124
         War axe           |       |       |       |   113 |   133 |       ||   246
         Executioner's axe |       |       |       |       |   353 |   107 ||   460
         Morningstar       |       |       |       |       |    25 |     3 ||    28
   Fire: Sling             |    62 |    58 |    15 |       |       |       ||   135
         Orcbow            |       |       |    50 |       |       |       ||    50
         Longbow           |       |       |    12 |   196 |   538 |   174 ||   920
  Throw: Dart              |       |     2 |     3 |     5 |       |       ||    10
         Boomerang         |       |       |       |     2 |    19 |       ||    21
 Invoke: Berserk           |     2 |     4 |     8 |     8 |    15 |     1 ||    38
         Trog's Hand       |       |     4 |     7 |    24 |    31 |     6 ||    72
  Evoke: Wand              |       |       |       |       |     6 |       ||     6
    Use: Scroll            |     4 |     2 |     7 |    14 |    11 |     1 ||    39
         Potion            |       |       |       |     2 |     6 |     1 ||     9
   Stab: Distracted        |       |       |       |     1 |       |       ||     1
         Paralysed         |       |       |       |       |     1 |       ||     1
         Invisible         |       |       |       |       |     1 |       ||     1
 Armour: Animal skin       |    31 |       |       |       |       |       ||    31
         Scale mail        |     7 |     2 |       |       |       |       ||     9
         Chain mail        |       |    35 |       |       |       |       ||    35
         Plate armour      |       |    37 |   305 |   374 |   400 |       ||  1116
         Quicksilver drago |       |       |       |       |   447 |   129 ||   576
  Dodge: Dodged            |    43 |    42 |   118 |   148 |   361 |    47 ||   759
  Block: Other             |       |       |       |       |    59 |    25 ||    84
         Reflection        |       |       |       |       |    12 |     1 ||    13
Riposte: Executioner's axe |       |       |       |       |    31 |    15 ||    46
         Morningstar       |       |       |       |       |     1 |       ||     1

Table legend: (Time is in decaauts)
 A = Elapsed time spent in this place.
 B = Non-inter-level travel time spent in this place.
 C = Inter-level travel time spent in this place.
 D = Time resting spent in this place.
 E = Time spent auto-exploring this place.
 F = Levels seen in this place.
 G = Mean time per level.
                   A        B        C        D        E       F      G
               +--------+--------+--------+--------+--------+-----+--------+
         Total |  46876 |  44465 |   2411 |  21939 |  16095 |  25 | 1875.0 |
       Dungeon |  24023 |  22801 |   1222 |   9464 |  10049 |  15 | 1601.5 |
          Lair |  13219 |  12605 |    614 |   7158 |   4145 |   5 | 2643.8 |
     Snake Pit |   1197 |   1197 |      0 |    544 |    529 |   1 | 1197.0 |
  Orcish Mines |   5229 |   4655 |    574 |   2566 |   1020 |   2 | 2614.5 |
      Ice Cave |   2168 |   2168 |      0 |   1370 |    338 |   1 | 2168.0 |
      Gauntlet |   1038 |   1038 |      0 |    835 |     13 |   1 | 1038.0 |
               +--------+--------+--------+--------+--------+-----+--------+

Top non-repeatable levels by time:
    D:15: 5418 daAuts
  Lair:5: 5152 daAuts
   Orc:2: 3309 daAuts
  Lair:4: 2923 daAuts
  Lair:1: 2606 daAuts
     D:5: 2307 daAuts
    D:14: 2212 daAuts
   IceCv: 2168 daAuts
   Orc:1: 1920 daAuts
     D:9: 1683 daAuts
     D:6: 1651 daAuts
    D:10: 1644 daAuts
    D:11: 1387 daAuts
     D:7: 1331 daAuts
  Lair:3: 1320 daAuts
